 Dungeon Crawl Stone Soup version 0.30-a0-845-g7c6808c8ce (webtiles) character file.

Game seed: 8005089622785877805

1591 112233 the Covert (level 9, -1/55 HPs)
             Began as a Kobold Enchanter on Mar 2, 2023.
             Killed from afar by a white imp (10 damage)
             ... with a puff of frost
             ... on level 6 of the Dungeon.
             The game lasted 00:07:41 (5271 turns).

112233 the Covert (Kobold Enchanter)                Turns: 5271, Time: 00:07:42

Health: -1/55      AC:  6    Str:  7    XL:     9   Next: 15%
Magic:  12/12      EV: 15    Int: 23    God:
Gold:   372        SH:  0    Dex: 23    Spells: 7/12 levels left

rFire   . . .      SeeInvis .    y - +7 dagger of Midsummer {freeze, Drain Str+2 Int+2 Dex+5}
rCold   . . .      Faith    .    (no shield)
rNeg    . . .      Spirit   .    b - +0 robe
rPois   .          Reflect  .    D - +0 helmet
rElec   .          Rampage  .    C - +0 cloak
rCorr   .                        (no gloves)
Will    .....                    w - +1 pair of boots of Ezu Giecs {Dex+3}
Stlth   ++++++                   (no amulet)
HPRegen 0.29/turn                (no ring)
MPRegen 0.13/turn                (no ring)

@: lethally poisoned (-1 -> -2), invisible
A: small, no large weapons, nightstalker 3
a: no special abilities


You were on level 6 of the Dungeon.
You visited 2 branches of the dungeon, and saw 8 of its levels.
You also visited: Ossuary.

You collected 422 gold pieces.
You spent 50 gold pieces at shops.

Inventory:

Hand Weapons
 a - a +1 dagger
 f - a +0 sling
 y - the +7 dagger of Midsummer (weapon) {freeze, Drain Str+2 Int+2 Dex+5}
   (You found it on level 3 of the Dungeon)

   Str:       It affects your strength (+2).
   Int:       It affects your intelligence (+2).
   Dex:       It affects your dexterity (+5).
   Drain:     It drains your maximum health when unequipped.
 F - a -1 quick blade
Armour
 b - a +0 robe (worn)
 p - a scarf of harm
 q - a +0 troll leather armour
 w - the +1 pair of boots of Ezu Giecs (worn) {Dex+3}
   (You found it on level 3 of the Dungeon)

   Dex:       It affects your dexterity (+3).
 C - a +0 cloak (worn)
 D - a +0 helmet (worn)
Magical Staves
 m - a staff of earth
Scrolls
 d - 2 scrolls of fear
 e - 6 scrolls of immolation {unknown}
 i - 3 scrolls of enchant armour
 k - 3 scrolls of magic mapping
 l - a scroll of enchant weapon
 n - a scroll of brand weapon {unknown}
 s - a scroll of noise {unknown}
 t - 2 scrolls of teleportation
 u - a scroll of acquirement {unknown}
 x - a scroll of fog {unknown}
 A - 2 scrolls of blinking {unknown}
 B - a scroll of silence {unknown}
 G - 2 scrolls of poison
Potions
 c - 2 potions of invisibility
 g - a potion of lignification {unknown}
 h - 3 potions of mutation {unknown}
 j - 3 potions of brilliance {unknown}
 o - 3 potions of might {unknown}
 r - 3 potions of degeneration
 v - a potion of curing {unknown}
 z - 3 potions of heal wounds
 E - a potion of flight {unknown}
 I - 2 potions of attraction {unknown}
 J - a potion of haste {unknown}


   Skills:
 + Level 6.2 Fighting
 + Level 7.7 Short Blades
 - Level 2.5 Dodging
 + Level 10.8 Stealth
 - Level 2.2 Spellcasting
 - Level 3.0 Hexes


You had 7 spell levels left.
You knew the following spells:

 Your Spells              Type           Power      Damage    Failure   Level
a - Ensorcelled Hibernat  Hex/Ice        18%        N/A       10%         2
b - Confusing Touch       Hex            16%        N/A       11%         3

Your spell library contained the following spells:

 Spells                   Type           Power      Damage    Failure   Level
 Slow                     Hex            64%        N/A       3%          1
 Tukima's Dance           Hex            16%        N/A       11%         3
 Summon Small Mammal      Summ           8%         N/A       13%         1
 Dazzling Flash           Conj/Hex       18%        N/A       21%         3
 Summon Guardian Golem    Hex/Summ       9%         N/A       21%         3
 Call Canine Familiar     Summ           2%         N/A       36%         3
 Gell's Gravitas          Tloc           2%         N/A       36%         3
 Ozocubu's Armour         Ice            2%         N/A       36%         3
 Teleport Other           Tloc           2%         N/A       36%         3
 Vampiric Draining        Necr           2%         2d6       36%         3
 Dispersal                Tloc           1%         N/A       100%        6
 Ozocubu's Refrigeration  Ice            1%         4d7       100%        7


Dungeon Overview and Level Annotations

Branches:
Dungeon (7/15)             Temple (1/1) D:5         Ossuary (visited)

Altars:
Ashenzari
Cheibriados
Dithmenos
Elyvilon
Fedhas
Makhleb
Nemelex Xobeh
Okawaru
Qazlal
Trog
Vehumet
Zin
The Shining One
Lugonu

Shops:
D:6 *

Annotations:
D:4 2 transporters
D:5 Grinder


Innate Abilities, Weirdness & Mutations

You are small and have problems with some larger weapons.
You are completely attuned to the shadows.


Message History

You feel much better.
You feel sick. The gnoll closely misses you.
The gnoll sergeant closely misses you. The white imp gestures at you.
The puff of frost hits you.
You fade into invisibility!
You feel sick.
The gnoll hits you from afar with a +0 spear.
The gnoll sergeant hits you with a +8 trident of venom!
* * * LOW HITPOINT WARNING * * *
You are lethally poisoned!
Unknown command.
You feel much better.
You feel very sick.
The gnoll hits you from afar with a +0 spear.
The gnoll sergeant barely misses you.
Unknown command.
You feel very sick.
The white imp gestures at the gnoll sergeant.
The puff of frost hits the gnoll sergeant.
The gnoll sergeant shouts!
Things that are here:
a +0 flail; a +0 halberd; a gnoll corpse Unknown command.
You catch the helpless gnoll sergeant completely off-guard!
You skewer the gnoll sergeant like a kebab!!!
You freeze the gnoll sergeant.
You kill the gnoll sergeant!
You feel sick.
Unknown command.
You feel very sick.
You feel sick.
You feel sick.
You feel sick.
You feel sick.
You feel sick.
There is a stone staircase leading down here.
You feel sick. The white imp gestures at you. The puff of frost hits you!
You die...

.........##.............
#+.......##.......
.######.......
#####.......
.............#
...........#.##
...............
...............
..........@....
...............
......../......
..........5#...
.....###..g#... ....
#...#.#. .. #).)..#
###)~P# #♣~~#


You could see a gnoll (wandering, unable to see you) and a white imp (unable to
see you).

Vanquished Creatures
  Pikel (D:5)
  A water moccasin (D:7)
  A black bear (D:6)
  A sky beast (D:6)
  An ogre (D:6)
  2 lemures (D:5)
  A bullfrog (D:7)
  A gnoll sergeant (D:6)
  4 water moccasin zombies (Ossuary)
  A howler monkey (D:5)
  A hound (D:4)
  A sleepcap (D:4)
  4 iguanas
  An orc wizard (D:6)
  2 mummies (Ossuary)
  6 gnolls
  4 adders
  An ufetubus (D:5)
  8 adder zombies (Ossuary)
  A worm (D:3)
  A dart slug (D:1)
  13 orcs
  6 endoplasms
  7 giant cockroaches
  6 gnoll zombies (Ossuary)
  5 goblins
  8 hobgoblins
  3 jackals (D:1)
  5 kobolds
  3 quokkas
  7 ball pythons
  3 bats
  A frilled lizard (D:1)
  3 hobgoblin zombies (Ossuary)
  4 kobold zombies (Ossuary)
  5 orc zombies (Ossuary)
  7 rats
130 creatures vanquished.

Notes
Turn   | Place    | Note
-------+----------+-------------------------------------------
     0 | D:1      | 112233 the Kobold Enchanter began the quest for the Orb.
     0 | D:1      | Reached XP level 1. HP: 10/10 MP: 3/3
    53 | D:1      | Reached XP level 2. HP: 15/15 MP: 5/5
   180 | D:1      | Learned a level 2 spell: Ensorcelled Hibernation
   307 | D:1      | Reached skill level 5 in Stealth
   384 | D:1      | Reached XP level 3. HP: 17/19 MP: 6/6
   902 | D:2      | Found a snail-covered altar of Cheibriados.
  1053 | D:2      | Reached skill level 6 in Stealth
  1326 | D:2      | Reached XP level 4. HP: 23/24 MP: 7/7
  1669 | D:3      | Identified the +1 pair of boots of Ezu Giecs {Dex+3}
  1744 | D:3      | Noticed a fire elemental
  1745 | D:3      | Found a stormy altar of Qazlal.
  1745 | D:3      | Noticed a water elemental
  1748 | D:3      | Noticed an earth elemental
  1748 | D:3      | Noticed an air elemental
  1923 | D:3      | Identified the +7 dagger of Midsummer {freeze, Drain Str+2
                  | Int+2 Dex+5}
  2300 | D:4      | Found a radiant altar of Vehumet.
  2308 | D:4      | Found a glowing golden altar of the Shining One.
  2336 | D:4      | Reached skill level 7 in Stealth
  2352 | D:4      | Reached skill level 1 in Fighting
  2352 | D:4      | Reached XP level 5. HP: 29/29 MP: 8/8
  2558 | D:4      | Found a transporter.
  2581 | D:4      | Found a transporter.
  2665 | D:4      | Found an iron altar of Okawaru.
  3223 | D:5      | Entered Level 5 of the Dungeon
  3274 | D:5      | Noticed a lemure
  3282 | D:5      | Killed a lemure
  3387 | D:6      | Found Cyceub's Lightly-Used Armoury.
  3393 | D:6      | Bought a -2 quick blade for 50 gold pieces
  3408 | D:6      | Noticed an ogre
  3412 | D:6      | Killed an ogre
  3413 | D:6      | Reached XP level 6. HP: 36/36 MP: 9/9
  3423 | D:6      | Identified the +1 whip "Pempaot" {flame, Will- Int+2 Dex+3}
  3567 | D:5      | Noticed Grinder
  3661 | D:5      | Found a staircase to the Ecumenical Temple.
  3756 | D:5      | Noticed Pikel
  3757 | D:5      | Killed Pikel
  3758 | D:5      | Reached skill level 5 in Short Blades
  3758 | D:5      | Reached skill level 9 in Stealth
  3758 | D:5      | Reached XP level 7. HP: 43/43 MP: 10/10
  3805 | Temple   | Entered the Ecumenical Temple
  3955 | D:5      | Reached XP level 8. HP: 48/48 MP: 11/11
  4041 | D:5      | Paralysed by Grinder for 3 turns
  4688 | D:7      | Found a sand-covered staircase.
  4693 | Ossuary  | Entered an ossuary
  4730 | Ossuary  | Reached skill level 5 in Fighting
  4751 | Ossuary  | Learned a level 3 spell: Confusing Touch
  4776 | Ossuary  | Reached skill level 10 in Stealth
  5149 | D:6      | Reached XP level 9. HP: 55/55 MP: 12/12
  5271 | D:6      | Killed from afar by a white imp

Illustrated notes

Levels and vault maps discovered:
D:1:      minmay_arrival_semitransparent, layout_basic, minmay_tromino_mix6
D:2:      layout_basic, basic_altar, minmay_door_square,
          chequers_serial_rivers_small_b
D:3:      layout_rooms, nicolae_qazlal_style_of_elements
D:4:      gammafunk_steamed_eel, layout_cave_pods,
          mainiacjoe_overflow_catch_the_wave, fiery_altar_vehumet, serial_park,
          serial_park_tiny_1, serial_park_square2, serial_park_tiny_2,
          serial_park_tiny_1
D:5:      layout_basic, minmay_temple_entry_gardened_gates, uniq_grinder,
          uniq_pikel
D:6:      layout_basic, chequers_serial_rivers_micro_a, minmay_shop_damaged,
          serial_bayou_pond_d
D:7:      layout_loops_cross, slow_altar_1,
          nicolae_ossuary_entry_false_entrances
Temple:   corrupted_temple

Skill      XL: |  1  2  3  4  5  6  7  8  9 |
---------------+----------------------------+-----
Stealth        | 5 6 7 9 10 | 10.8
Fighting       | 1 2 4 5 6 |  6.2
Short Blades   | 2 3 5 7 |  7.7
Dodging        | |  2.5
Spellcasting   | |  2.2
Hexes          | |  3.0

Action                     |  1- 3 |  4- 6 |  7- 9 || total
---------------------------+-------+-------+-------++-------
  Melee: Dagger            |    92 |    57 |   177 ||   326
         Punch             |       |       |     9 ||     9
   Cast: Ensorcelled Hiber |    10 |     6 |       ||    16
    Use: Potion            |     1 |       |     3 ||     4
         Scroll            |       |     5 |     4 ||     9
   Stab: Sleeping          |    20 |    23 |    21 ||    64
         Invisible         |       |       |     1 ||     1
 Armour: Robe              |     8 |     5 |    26 ||    39
  Dodge: Dodged            |    70 |    23 |    86 ||   179

Table legend: (Time is in decaauts)
 A = Elapsed time spent in this place.
 B = Non-inter-level travel time spent in this place.
 C = Inter-level travel time spent in this place.
 D = Time resting spent in this place.
 E = Time spent auto-exploring this place.
 F = Levels seen in this place.
 G = Mean time per level.
                   A        B        C        D        E       F      G
               +--------+--------+--------+--------+--------+-----+--------+
         Total |   5206 |   4830 |    376 |    276 |   3698 |   9 |  578.4 |
       Dungeon |   4944 |   4581 |    363 |    276 |   3576 |   7 |  706.3 |
        Temple |     42 |     29 |     13 |      0 |     19 |   1 |   42.0 |
       Ossuary |    220 |    220 |      0 |      0 |    103 |   1 |  220.0 |
               +--------+--------+--------+--------+--------+-----+--------+

Top non-repeatable levels by time:
     D:5: 994 daAuts
     D:4: 982 daAuts
     D:1: 841 daAuts
     D:3: 710 daAuts
     D:2: 692 daAuts
     D:6: 441 daAuts
     D:7: 282 daAuts
 Ossuary: 220 daAuts
  Temple: 42 daAuts
